 Dungeon Crawl Stone Soup version 0.30.0-30-g96aa6591b8 (webtiles) character file.

Game seed: 16533362770337907708

1592 Heoruswealwe the Thaumaturge (level 8, -2/39 (41) HPs)
             Began as a Deep Elf Earth Elementalist on June 28, 2023.
             Was a Follower of Vehumet.
             Slain by a wight
             ... wielding a +3 hand axe
              (6 damage)
             ... on level 7 of the Dungeon on June 29, 2023.
             The game lasted 01:15:45 (5312 turns).

Heoruswealwe the Thaumaturge (DEEE)                 Turns: 5312, Time: 01:15:46

HP:   -2/39 (41)    AC:  6    Str:  5    XL:     8   Next: 61%
MP:   15/24         EV: 12    Int: 23    God:    Vehumet [*.....]
Gold: 111           SH:  0    Dex: 15    Spells: 18/28 levels left

rFire   . . .        b - +2 hand axe (elec)
rCold   + . .        d - orb {light}
rNeg    . . .        c - +0 robe
rPois   .            (no helmet)
rElec   .            h - +1 cloak {Will+}
rCorr   .            f - +0 pair of gloves
SInv    .            e - +0 pair of boots
Will    +....        (no amulet)
Stlth   +            k - ring of flight
HPRegen 0.26/turn    j - ring of protection from cold
MPRegen 0.19/turn

%: no passive effects
@: flying, glowing, lightly drained
A: no striking features
a: Renounce Religion


You were on level 7 of the Dungeon.
You worshipped Vehumet.
Vehumet was aware of your devotion.
You visited 2 branches of the dungeon, and saw 8 of its levels.

You collected 256 gold pieces.
You spent 145 gold pieces at shops.

Inventory:

Hand Weapons
 b - a +2 hand axe of electrocution (weapon)
 J - a +2 heavy great sword
Armour
 c - a +0 robe (worn)
 d - an orb of light (worn)
 e - a +0 pair of boots (worn)
 f - a +0 pair of gloves (worn)
 h - a +1 cloak of willpower (worn)
 u - a +0 robe
 w - a +0 robe
 x - a +0 robe
 y - a +0 robe
 A - a +0 robe
 B - a +0 robe
 D - a +0 robe
 K - a +0 robe
Jewellery
 j - a ring of protection from cold (right hand)
 k - a ring of flight (left hand)
Wands
 l - a wand of flame (19)
 F - a wand of iceblast (3)
Scrolls
 i - a scroll of fear
 n - 2 scrolls of blinking
 o - a scroll of immolation
 p - 2 scrolls of amnesia
 s - a scroll of magic mapping
 t - a scroll of enchant armour
 v - 2 scrolls of brand weapon
 G - a scroll of teleportation
Potions
 a - a potion of heal wounds
 g - a potion of berserk rage {unknown}
 m - a potion of lignification {unknown}
 q - a potion of flight {unknown}
 r - a potion of mutation {unknown}
 z - a potion of brilliance {unknown}
 C - a potion of magic
 E - 3 potions of degeneration {unknown}
 H - a potion of cancellation {unknown}
 I - a potion of curing {unknown}


   Skills:
 - Level 2.4 Dodging
 - Level 2.4 Stealth
 + Level 10.5 Spellcasting
 - Level 1.1 Transmutations
 + Level 9.1 Earth Magic


You had 18 spell levels left.
You knew the following spells:

 Your Spells              Type           Power      Damage    Failure   Level
a - Sandblast             Erth           100%       2d20      1%          1
b - Stone Arrow           Conj/Erth      66%        3d11      2%          3
c - Petrify               Tmut/Erth      35%        N/A       6%          4
z - Passwall              Tmut/Erth      29%        N/A       1%          2

Your spell library contained the following spells:

 Spells                   Type           Power      Damage    Failure   Level
 Magic Dart               Conj           48%        1d5       5%          1
 Apportation              Tloc           24%        N/A       5%          1
 Freeze                   Ice            48%        1d6       5%          1
 Necrotise                Necr           48%        1d6       5%          1
 Shock                    Conj/Air       48%        1d6       5%          1
 Slow                     Hex            48%        N/A       5%          1
 Summon Small Mammal      Summ           48%        N/A       5%          1
 Confusing Touch          Hex            12%        N/A       16%         3
 Frozen Ramparts          Ice            24%        1d4       16%         3
 Hailstorm                Conj/Ice       12%        3d5       16%         3
 Swiftness                Air            12%        N/A       16%         3
 Vampiric Draining        Necr           12%        2d6       16%         3
 Airstrike                Air            6%         2d(1-17)  47%         4
 Agony                    Necr           12%        N/A       83%         5


Dungeon Overview and Level Annotations

Branches:
Dungeon (7/15)             Temple (1/1) D:6

Altars:
Ashenzari
Cheibriados
Dithmenos
Fedhas
Kikubaaqudgha
Makhleb
Nemelex Xobeh
Ru
Sif Muna
Trog
Vehumet
Wu Jian
Xom
Yredelemnul
Zin
The Shining One

Shops:
D:2 ?   D:3 [


Message History

Vehumet accepts your kill.
Your Earth Magic skill increases to level 9!
The blast of sand hits the wight.
The wight is lightly damaged.
The wight barely misses you. The wight hits you with a +3 hand axe.
The blast of sand hits the wight!
The wight is severely damaged.
The wight closely misses you.
The wight hits you with a +2 war axe of freezing.
The wight hits you with a +3 hand axe. The wight closely misses you.
The wight hits you with a +0 battleaxe! The wight barely misses you.
You are too injured to fight recklessly!
Casting: Sandblast (safe; 1% risk of failure)
Confirm with . or Enter, or press ? or * to list all spells.
Aiming: Sandblast (safe; 1% risk of failure)
Press: ? - help, Shift-Dir - straight line, f/p - wight
Aim: a wight, wielding a +2 war axe of freezing and wearing a +0 robe (severely damaged, haloed, 88% to hit)
The blast of sand hits the wight!
You destroy the wight!
Vehumet accepts your kill. The wight hits you with a +0 battleaxe!
* * * LOW HITPOINT WARNING * * *
The wight hits you with a +3 hand axe.
* * * LOW HITPOINT WARNING * * *
You feel drained.
Your life force feels restored.
You feel much better. The wight misses you. x2
Casting: Sandblast (safe; 1% risk of failure)
Confirm with . or Enter, or press ? or * to list all spells.
Aiming: Sandblast (safe; 1% risk of failure)
Press: ? - help, Shift-Dir - straight line, f - wight
Aim: a wight, wielding a +0 battleaxe and wearing a +0 robe (haloed, 88% to hit)
The blast of sand hits the wight!
The wight is severely damaged.
The wight hits you with a +0 battleaxe!
* * * LOW HITPOINT WARNING * * *
You feel drained.
* * * LOW HITPOINT WARNING * * *
The wight hits you with a +3 hand axe.
You die...

######## #####.......
######...........
###................
###..................
####....................
........................
........................
......)@................
......zz................
.....)..................
........................
....................
...................
................
................


You could see 2 wights.

Vanquished Creatures
  A water moccasin (D:5)
  A black bear (D:6)
  An ogre (D:5)
  2 centaurs
  Blork the orc (D:4)
  2 bullfrogs
  3 wights (D:7)
  A jelly (D:5)
  2 orc priests
  A gnoll bouda (D:7)
  4 hounds
  4 iguanas
  4 orc wizards
  18 gnolls
  5 adders
  5 white imps
  2 ufetubi (D:5)
  A worm (D:2)
  16 orcs
  8 ball pythons
  5 endoplasms
  4 giant cockroaches
  4 goblins
  6 hobgoblins
  5 jackals (D:2)
  4 kobolds
  4 quokkas
  6 bats
  6 frilled lizards
  8 rats
134 creatures vanquished.

Notes
Turn   | Place    | Note
-------+----------+-------------------------------------------
     0 | D:1      | Heoruswealwe the Deep Elf Earth Elementalist began the
                  | quest for the Orb.
     0 | D:1      | Reached XP level 1. HP: 10/10 MP: 6/6
   140 | D:1      | Reached XP level 2. HP: 15/15 MP: 3/8
   251 | D:1      | Reached skill level 4 in Spellcasting
   260 | D:1      | Learned a level 2 spell: Passwall
   414 | D:1      | Reached XP level 3. HP: 19/19 MP: 8/10
   419 | D:1      | Learned a level 3 spell: Stone Arrow
   586 | D:2      | Found Fuwippom's Magic Scroll Boutique.
   589 | D:2      | Bought a scroll of identify for 20 gold pieces
   589 | D:2      | Bought a scroll of identify for 20 gold pieces
   589 | D:2      | Bought a scroll of teleportation for 30 gold pieces
   854 | D:2      | Reached XP level 4. HP: 11/24 MP: 0/12
  1198 | D:2      | Reached skill level 5 in Spellcasting
  1340 | D:3      | Found a burning altar of Makhleb.
  1362 | D:3      | Reached skill level 5 in Earth Magic
  1373 | D:3      | Found Cuteocs's Armour Shoppe.
  1427 | D:3      | Learned a level 4 spell: Petrify
  1558 | D:3      | Reached XP level 5. HP: 28/28 MP: 11/14
  1558 | D:3      | You fall into a shaft and drop 3 floors!
  1561 | D:6      | Noticed a black bear
  1565 | D:6      | Killed a black bear
  1566 | D:6      | Reached skill level 6 in Spellcasting
  1568 | D:6      | Reached XP level 6. HP: 28/32 MP: 7/17
  1595 | D:5      | Entered Level 5 of the Dungeon
  1617 | D:5      | HP: 1/32 [orc/+0 club (3)]
  1632 | D:5      | HP: 1/32 [orc/+0 club (2)]
  1650 | D:5      | Noticed a water moccasin
  1705 | D:5      | Reached skill level 7 in Spellcasting
  1723 | D:4      | Found a sacrificial altar of Ru.
  1894 | D:3      | Found a shadowy altar of Dithmenos.
  1894 | D:3      | Found a basalt altar of Yredelemnul.
  1894 | D:3      | Found a radiant altar of Vehumet.
  1904 | D:3      | Became a worshipper of Vehumet
  2119 | D:3      | Found a faded altar of an unknown god.
  2124 | D:3      | Found a blossoming altar of Fedhas.
  2269 | D:3      | Found a glowing golden altar of the Shining One.
  3002 | D:4      | Noticed Blork the orc
  3007 | D:4      | Killed Blork the orc
  3008 | D:4      | Reached XP level 7. HP: 27/36 MP: 16/20
  3582 | D:2      | Bought a scroll of blinking for 75 gold pieces
  3649 | D:2      | You are sucked into a shaft and drop 2 floors!
  3967 | D:5      | Reached skill level 8 in Spellcasting
  4227 | D:5      | Reached * piety under Vehumet
  4227 | D:5      | Offered knowledge of Magic Dart by Vehumet.
  4309 | D:5      | Reached skill level 9 in Spellcasting
  4316 | D:5      | Reached XP level 8. HP: 41/41 MP: 18/23
  4652 | D:6      | Found a staircase to the Ecumenical Temple.
  4693 | Temple   | Entered the Ecumenical Temple
  5202 | D:7      | Reached skill level 10 in Spellcasting
  5310 | D:7      | HP: 2/41 [wight/+0 battleaxe (16)]
  5312 | D:7      | Slain by a wight

Illustrated notes

Levels and vault maps discovered:
D:1:      heliophobic_arrival_glass_houses, layout_rooms
D:2:      layout_loops_ring, serial_shops, nicolae_shop_rolled_up,
          item_on_display_a
D:3:      layout_rooms, nicolae_overflow_ecumenical_swirl,
          nicolae_overflow_hidden_temple, mainiacjoe_overflow_24_doors,
          serial_shops, nicolae_shop_real_fake_doors, minmay_crystal_water
D:4:      layout_layer_cave, lemuel_tele_altar, uniq_blork_the_orc
D:5:      minmay_skewed_foursquare, layout_basic
D:6:      layout_basic, minmay_temple_entry_grid, serial_park_tiny_pond
D:7:      layout_layer_cave, dancing_weapons_uskayaw, serial_shops,
          shop_fountains
Temple:   nicolae_temple_cloud_nine

Skill      XL: |  1  2  3  4  5  6  7  8 |
---------------+-------------------------+-----
Spellcasting   | 4 5 6 7 9 10 | 10.5
Earth Magic    | 4 5 6 7 9 |  9.1
Dodging        | |  2.4
Stealth        | |  2.4
Transmutations | |  1.1

Action                     |  1- 3 |  4- 6 |  7- 9 || total
---------------------------+-------+-------+-------++-------
  Melee: Unarmed           |       |     1 |       ||     1
   Cast: Sandblast         |    53 |    92 |    87 ||   232
         Passwall          |       |     4 |       ||     4
    Use: Scroll            |     2 |     8 |       ||    10
         Potion            |       |       |     3 ||     3
 Armour: Robe              |     8 |    16 |    10 ||    34
  Dodge: Dodged            |    16 |    40 |    38 ||    94
